 Dungeon Crawl Stone Soup version 0.32-a0-131-g9dbbe29261 (webtiles) character file.

Game seed: 15348119358230843679

70 Esekla the Sneak (level 4, 17/31 HPs)
             Began as an Octopode Delver on Feb 9, 2024.
             Quit the game in the Ecumenical Temple.
             The game lasted 00:04:50 (221 turns).

Esekla the Sneak (Octopode Delver)                   Turns: 221, Time: 00:04:50

Health: 17/31      AC:  1    Str: 11    XL:     4   Next: 22%
Magic:  5/5        EV: 13    Int: 14    God:
Gold:   23         SH:  0    Dex: 13    Spells: 5/5 levels left

rFire   . . .        a - +0 falchion
rCold   . . .        (no shield)
rNeg    . . .        (helmet restricted)
rPois   .            (no amulet)
rElec   .            (no ring)
rCorr   .            (no ring)
SInv    .            (no ring)
Will    .....        (no ring)
Stlth   +++++        (no ring)
HPRegen 0.25/turn    (no ring)
MPRegen 0.09/turn    (no ring)
                     (no ring)

%: no passive effects
@: no status effects
A: almost no armour, amphibious, 8 rings, camouflage 1, gelatinous body 1,
(nimble swimmer 1), tentacles
a: no special abilities


You were in the Ecumenical Temple.
You visited 2 branches of the dungeon, and saw 2 of its levels.

You collected 23 gold pieces.

Inventory:

Hand Weapons
 a - a +0 falchion (weapon)
Wands
 f - a wand of digging (3)
Scrolls
 b - a scroll of fog
 c - a scroll of teleportation {unknown}
 d - a scroll of fear
Potions
 e - a potion of haste


   Skills:
 * Level 3.4 Fighting
 + Level 2.2 Long Blades
 * Level 2.4 Dodging
 + Level 7.6 Stealth
 * Level 1.0 Spellcasting


You had 5 spell levels left.
You didn't know any spells.
Your spell library was empty.

Dungeon Overview and Level Annotations

Branches:
Dungeon (5/15)             Temple (1/1) D:5

Altars:
Cheibriados
Elyvilon
Hepliaklqana
Kikubaaqudgha
Makhleb
Nemelex Xobeh
Okawaru
Qazlal
Ru
Trog
Uskayaw
Vehumet
Xom
Yredelemnul
Zin


Innate Abilities, Weirdness & Mutations

You cannot wear most types of armour.
You are amphibious.
You can wear up to eight rings at the same time.
Your skin changes colour to match your surroundings (Stealth+).
Your rubbery body absorbs attacks. (AC +1, EV +1)
((You are camouflaged when in or above water. (Stealth+)))
You have tentacles for arms and can constrict up to eight enemies at once.


Message History

You kill the adder!
The phantom hits you.
The phantom blinks!
You blink.
Okay, then.
You have 23 gold pieces.
Unknown command.
A hound comes into view.
Found a short sword.
The phantom attacks as it pursues you! The phantom closely misses you.
The hound barks!
The phantom attacks as it pursues you! The phantom hits you!
The hound bites you.
Found a staircase to the Ecumenical Temple.
Found 5 gold pieces.
Found a stone staircase leading up.
The hound barely misses you.
Found a fluorescent wand.
The hound attacks as it pursues you! The hound bites you.
The hound completely misses you.
The hound stops to sniff the ground.
There is a staircase to the Ecumenical Temple here.
The hound completely misses you. The hound bites you but does no damage.
You climb downwards.
Welcome to the Ecumenical Temple!
Found three altars.
Found a staircase back to the Dungeon.
There is a staircase back to the Dungeon here.
Search for what [? for help]?
Gozag Can't find anything matching that.
Unknown command.
You slash the hound! Your grab misses the hound.
Your tentacle-slap misses the hound.
The hound is heavily wounded.
The hound closely misses you. The hound barely misses you.
You closely miss the hound. You grab the hound.
The hound is heavily wounded.
You constrict the hound. The hound barely misses you.
You hit the hound.
The hound is almost dead.
You constrict the hound.
You kill the hound!
Your Spellcasting skill increases to level 1!
You have reached level 4!
Are you sure you want to abandon this character and quit the game? (Confirm with "yes".)

♣≈≈≈≈≈~.......≈~♣♣♣~~~.♣...
♣≈≈≈≈~..♣....♣.....~..♣♣♣..
♣♣≈≈~....~.♣....♣.~~~~.....
♣≈§~~...♣♣........~~.....♣
♣♣≈...♣♣..._....♣.~.....~.
♣~.......§....♣♣.~....♣♣.
♣~.._......~...♣♣._...♣..
♣~~........~.♣..♣........
♣♣~..§..@.......♣♣.......
♣~~..♣~†.~♣.~.~......._.
♣♣~~..........~_~.....~.
♣~~~~♣......~....~.~~~.
♣♣~~...~._.§~~~~..~~~~~
♣~~~.....§.~♣♣._~~~~~~
♣♣~~~..♣♣....♣♣.......~
♣♣~~~..♣.♣......♣~..._..
♣~~≈~~......~♣......~...


There were no monsters in sight!

Vanquished Creatures
  2 hounds
  An adder (D:5)
  A quokka (D:5)
4 creatures vanquished.

Notes
Turn   | Place    | Note
-------+----------+-------------------------------------------
     0 | D:5      | Esekla the Octopode Delver began the quest for the Orb.
     0 | D:5      | Reached XP level 1. HP: 16/16 MP: 1/1
    28 | D:5      | Noticed a gnoll bouda
    40 | D:5      | Noticed a hound
    41 | D:5      | Noticed a hound
    56 | D:5      | Killed a hound
    57 | D:5      | Reached skill level 7 in Stealth
    57 | D:5      | Reached XP level 2. HP: 3/21 MP: 2/2
    57 | D:5      | Reached XP level 3. HP: 4/26 MP: 3/3
   185 | D:5      | Noticed a phantom
   210 | D:5      | Found a staircase to the Ecumenical Temple.
   217 | Temple   | Entered the Ecumenical Temple
   221 | Temple   | Reached skill level 1 in Spellcasting
   221 | Temple   | Reached XP level 4. HP: 17/31 MP: 5/5
   221 | Temple   | Quit the game

Illustrated notes

Levels and vault maps discovered:
D:5:      layout_loops_ring, minmay_temple_entry_sparse_star, abandoned_shop
Temple:   nicolae_temple_bog_church

Skill      XL: |  1  2  3 |
---------------+----------+-----
Stealth        | 7 |  7.6
Spellcasting   | 1 |  1.0
Fighting       | |  3.4
Long Blades    | |  2.2
Dodging        | |  2.4

Action                     |  1- 3 |  4- 6 || total
---------------------------+-------+-------++-------
  Melee: Falchion          |    11 |       ||    11
         Constrict         |     4 |       ||     4
         Tentacles         |     2 |       ||     2
    Use: Scroll            |     1 |       ||     1
   Stab: Sleeping          |     1 |       ||     1
 Armour: Skin              |    11 |       ||    11
  Dodge: Dodged            |    12 |       ||    12

Table legend: (Time is in decaauts)
 A = Elapsed time spent in this place.
 B = Non-inter-level travel time spent in this place.
 C = Inter-level travel time spent in this place.
 D = Time resting spent in this place.
 E = Time spent auto-exploring this place.
 F = Levels seen in this place.
 G = Mean time per level.
                   A        B        C        D        E       F      G
               +--------+--------+--------+--------+--------+-----+--------+
         Total |    222 |    222 |      0 |     90 |      0 |   2 |  111.0 |
       Dungeon |    218 |    218 |      0 |     90 |      0 |   1 |  218.0 |
        Temple |      4 |      4 |      0 |      0 |      0 |   1 |    4.0 |
               +--------+--------+--------+--------+--------+-----+--------+

Top non-repeatable levels by time:
     D:5: 218 daAuts
  Temple: 4 daAuts
